 Dungeon Crawl Stone Soup version 0.31-a0-167-g1c394c0614 (webtiles) character file.

Game seed: 3316415259934013745

90 TrayleKats the Ruffian (level 4, -4/45 HPs)
             Began as a Troll Fighter on June 14, 2023.
             Succumbed to an orc's poison
             ... on level 2 of the Dungeon.
             The game lasted 00:01:43 (1450 turns).

TrayleKats the Ruffian (Troll Fighter)              Turns: 1450, Time: 00:01:43

Health: -4/45      AC:  4    Str: 24    XL:     4   Next: 32%
Magic:  3/3        EV:  8    Int:  6    God:
Gold:   64         SH:  7    Dex:  9    Spells: 3/3 levels left

rFire   . .          .
                       - Unarmed
rCold   . . .        b - +0 kite shield
rNeg    . . .        a - +0 robe
rPois   .            (helmet restricted)
rElec   .            (no cloak)
rCorr   .            (gloves unavailable)
SInv    .            (boots unavailable)
Will    .....        (no amulet)
Stlth   +            (no ring)
HPRegen 1.07/turn    (no ring)
MPRegen 0.08/turn

%: no passive effects
@: brilliant, lethally poisoned (-4 -> -19), invisible
A: large, unfitting armour, claws 3, regeneration 1, shaggy fur 1, tough skin 1
a: no special abilities


You were on level 2 of the Dungeon.
You visited 1 branch of the dungeon, and saw 3 of its levels.

You collected 64 gold pieces.

Inventory:

Armour
 a - a +0 robe (worn)
 b - a +0 kite shield (worn)
Jewellery
 h - a +5 ring of evasion
 j - a ring of magical power
Scrolls
 d - a scroll of brand weapon {unknown}
 g - a scroll of silence {unknown}
 i - a scroll of fear {unknown}
 k - a scroll of butterflies {unknown}
Potions
 c - a potion of might


   Skills:
 + Level 3.0 Fighting
 - Level 2.4 Dodging
 + Level 3.3 Shields
 * Level 3.5 Unarmed Combat


You had 3 spell levels left.
You didn't know any spells.
Your spell library contained the following spells:

 Spells                   Type           Power      Damage    Failure   Level
 Blink                    Tloc           0%         N/A       85%         2
 Ensorcelled Hibernation  Hex/Ice        0%         N/A       85%         2
 Spider Form              Tmut/Pois      0%         N/A       97%         3
 Anguish                  Hex/Necr       0%         N/A       100%        4
 Manifold Assault         Tloc           0%         N/A       100%        4
 Storm Form               Tmut/Air       0%         N/A       100%        7


Dungeon Overview and Level Annotations

Branches:
Dungeon (3/15)

Altars:


Innate Abilities, Weirdness & Mutations

You are too large for most types of armour.
You have claws for hands.
Your natural rate of healing is unusually fast.
You are covered in fur. (AC +1)
You have tough skin. (AC +1)


Message History

You are more poisoned.
The orc wizard barely misses you.
You barely miss the orc wizard.
The orc wizard is heavily wounded.
You feel very sick. The orc hits you but does no damage.
The orc hits you with a +0 short sword of venom.
You are more poisoned.
The orc wizard hits you but does no damage.
You completely miss the orc wizard.
The orc wizard is heavily wounded.
You feel very sick. The orc hits you with a +0 mace.
The orc hits you with a +0 short sword of venom.
You are more poisoned.
You block the orc wizard's attack.
You claw the orc wizard!
The orc wizard is almost dead.
You feel extremely sick. The orc barely misses you.
The orc hits you with a +0 short sword of venom.
* * * LOW HITPOINT WARNING * * *
The orc wizard closely misses you.
It was a potion of brilliance.
You feel clever all of a sudden.
* * * LOW HITPOINT WARNING * * *
You feel very sick. You block the orc's attack.
The orc hits you but does no damage.
You are more poisoned.
You block the orc wizard's attack.
It was a potion of invisibility.
You fade into invisibility!
* * * LOW HITPOINT WARNING * * *
You feel extremely sick. The orc barely misses you. You block the orc's attack.
The orc wizard points at you and mumbles some strange words.
You block the puff of flame.
You claw the orc wizard!
You kill the orc wizard!
You die...

.#..#.....#..........##..#
.#..#.....#.##.#####.##..#
.#..#.....#.##.# #.##..#
..#.#...[.#.##.### #.##..#
...##.....#......# #.##†.#
....######'......###.##..#
..#......................#
..#.....###.....o###.##.##
..##...........)@o......#
......###################
...<..# #######


You could see 2 orcs.

Vanquished Creatures
  An orc priest (D:2)
  An orc wizard (D:2)
  Terence (D:2)
  An orc (D:2)
  3 bats
  3 endoplasms
  2 giant cockroaches
  4 goblins
  4 hobgoblins
  4 jackals (D:1)
  A ball python (D:2)
  3 frilled lizards (D:1)
  4 kobolds (D:1)
  2 rats
34 creatures vanquished.

Notes
Turn   | Place    | Note
-------+----------+-------------------------------------------
     0 | D:1      | TrayleKats the Troll Fighter began the quest for the Orb.
     0 | D:1      | Reached XP level 1. HP: 22/22 MP: 0/0
   180 | D:1      | Reached XP level 2. HP: 29/29 MP: 1/1
   754 | D:2      | Reached XP level 3. HP: 31/36 MP: 2/2
   849 | D:2      | Noticed Terence
   867 | D:2      | Killed Terence
  1202 | D:2      | Reached XP level 4. HP: 7/45 MP: 3/3
  1449 | D:2      | HP: 1/45 [poisoned by an orc]
  1450 | D:2      | Succumbed to an orc's poison

Illustrated notes

Levels and vault maps discovered:
D:1:      tarquinn_simple_flora_water_d, layout_basic, serial_forest,
          infiniplex_forest_clump_small, infiniplex_forest_clump_medium,
          infiniplex_forest_lined_room_2, infiniplex_forest_lined_room_,
          infiniplex_forest_lined_2, st_stairs_5
D:2:      layout_loops_ring, minmay_3d_cube, uniq_terence
D:3:      layout_rooms, nicolae_qazlal_scattered_showers,
          okawaru_metal_pillars_1_2, portal_sewer_entry_d, uniq_jessica,
          uniq_grinder

Skill      XL: |  1  2  3 |
---------------+----------+-----
Shields        | 3 |  3.3
Unarmed Combat | 3 |  3.5
Fighting       | 3 |  3.0
Dodging        | |  2.4

Action                     |  1- 3 |  4- 6 || total
---------------------------+-------+-------++-------
  Melee: Unarmed           |    75 |     7 ||    82
    Use: Potion            |       |     2 ||     2
 Armour: Robe              |    15 |     5 ||    20
  Dodge: Dodged            |    37 |     4 ||    41
  Block: Kite shield       |    27 |     8 ||    35

Table legend: (Time is in decaauts)
 A = Elapsed time spent in this place.
 B = Non-inter-level travel time spent in this place.
 C = Inter-level travel time spent in this place.
 D = Time resting spent in this place.
 E = Time spent auto-exploring this place.
 F = Levels seen in this place.
 G = Mean time per level.
                   A        B        C        D        E       F      G
               +--------+--------+--------+--------+--------+-----+--------+
         Total |   1457 |   1421 |     36 |    238 |    972 |   3 |  485.7 |
       Dungeon |   1457 |   1421 |     36 |    238 |    972 |   3 |  485.7 |
               +--------+--------+--------+--------+--------+-----+--------+

Top non-repeatable levels by time:
     D:2: 826 daAuts
     D:1: 626 daAuts
     D:3: 4 daAuts
